[ PARTIDA AOE2 · #485196714 ]
UnrankedVietnamitas vs Khmer
Equipo del jugador · VICT
Equipo rival · DERR
[ ANÁLISIS DE REPETICIÓN · EXTRAÍDO DE LA PARTIDA GRABADA ]
Feudal
9:03
Castillos
20:47
Imperial
40:10
| APM promedio | 58.7 |
| APM pico | 106 |
| eAPM promedio | 31.9 |
| Aldeanos / militares | 124 / 63 |
Foco
⚔️ 45.9% · 🌾 54.1%
Cavalry Archer ×15 · Archer ×12 · Monk ×11 · Knight ×11 · Scout Cavalry ×8 · Rattan Archer ×4
Feudal
11:30
Castillos
14:12
Imperial
—
| APM promedio | 28.7 |
| APM pico | 60 |
| eAPM promedio | 18.5 |
| Aldeanos / militares | 82 / 30 |
Foco
⚔️ 29.4% · 🌾 70.6%
Battle Elephant ×9 · Scout Cavalry ×7 · Monk ×6 · Battering Ram ×4 · Scorpion ×3 · Mangonel ×1
Mapa de la partida
Recursos iniciales + cada clic de construcción. Líneas = muros · curvas = relieve. ◆ oro · ⬟ piedra · ● bayas · ✦ reliquia · ◌ hueco del cierre
Tu base· ✓ Cerrada en 20:47 · 72t muro · sin puerta
Base de JB11FRANK· Abierta — flanco sin cerrar
Terreno inicial suavizado · ◌ = hueco del cierre detectado · pasá el cursor para detalles
Inputs por minuto
— FMG | GreatMaty - - JB11FRANK
Build order — FMG | GreatMaty
Primeras 150 de 393 acciones detectadas
| 0:00 | Crear | Villager (Male) |
| 0:01 | Crear | Villager (Male) |
| 0:01 | Crear | Villager (Male) |
| 0:02 | Construir | House |
| 0:02 | Construir | House |
| 0:13 | Crear | Villager (Male) |
| 0:13 | Crear | Villager (Male) |
| 1:12 | Crear | Villager (Male) |
| 1:12 | Crear | Villager (Male) |
| 1:51 | Crear | Villager (Male) |
| 2:16 | Crear | Villager (Male) |
| 2:17 | Crear | Villager (Male) |
| 2:27 | Construir | Lumber Camp |
| 2:37 | Crear | Villager (Male) |
| 2:38 | Crear | Villager (Male) |
| 2:55 | Crear | Villager (Male) |
| 2:55 | Crear | Villager (Male) |
| 3:33 | Construir | House |
| 3:37 | Crear | Villager (Male) |
| 3:42 | Construir | Palisade Wall |
| 3:56 | Crear | Villager (Male) |
| 4:26 | Crear | Villager (Male) |
| 4:55 | Crear | Villager (Male) |
| 5:07 | Construir | Mill |
| 5:22 | Crear | Villager (Male) |
| 5:37 | Crear | Villager (Male) |
| 6:04 | Investigar | Loom |
| 6:53 | Investigar | Feudal Age |
| 6:53 | Investigar | Feudal Age |
| 7:44 | Construir | Barracks |
| 7:46 | Construir | House |
| 8:10 | Construir | Palisade Wall |
| 8:30 | Crear | Villager (Male) |
| 9:03 | Edad | Edad Feudal |
| 9:07 | Construir | Archery Range |
| 9:10 | Investigar | Double-Bit Axe |
| 9:12 | Crear | Villager (Male) |
| 9:31 | Construir | Mining Camp |
| 9:41 | Crear | Villager (Male) |
| 9:46 | Construir | House |
| 10:04 | Crear | Archer |
| 10:06 | Crear | Spearman |
| 10:07 | Crear | Villager (Male) |
| 10:24 | Construir | House |
| 10:28 | Construir | House |
| 10:33 | Crear | Skirmisher |
| 10:33 | Crear | Villager (Male) |
| 10:35 | Construir | House |
| 10:45 | Crear | Villager (Male) |
| 11:12 | Construir | Watch Tower |
| 11:22 | Construir | Watch Tower |
| 11:30 | Crear | Villager (Male) |
| 11:32 | Crear | Archer |
| 11:45 | Crear | Villager (Male) |
| 11:46 | Construir | Farm |
| 11:47 | Construir | Farm |
| 11:47 | Construir | Farm |
| 11:47 | Construir | Farm |
| 11:49 | Crear | Archer |
| 12:13 | Crear | Villager (Male) |
| 12:16 | Construir | Farm |
| 12:22 | Crear | Archer |
| 12:42 | Crear | Villager (Male) |
| 12:43 | Crear | Archer |
| 12:48 | Construir | House |
| 13:01 | Crear | Villager (Male) |
| 13:02 | Crear | Archer |
| 13:06 | Construir | House |
| 13:13 | Construir | Farm |
| 13:14 | Construir | Farm |
| 13:21 | Construir | Farm |
| 13:31 | Construir | House |
| 13:32 | Construir | Palisade Wall |
| 13:35 | Construir | House |
| 13:35 | Construir | Palisade Wall |
| 13:39 | Crear | Archer |
| 13:48 | Crear | Villager (Male) |
| 13:55 | Construir | Watch Tower |
| 14:01 | Crear | Villager (Male) |
| 14:05 | Construir | Palisade Wall |
| 14:23 | Crear | Archer |
| 14:26 | Construir | Palisade Wall |
| 14:28 | Construir | House |
| 14:33 | Construir | Palisade Wall |
| 14:34 | Construir | Palisade Wall |
| 14:35 | Construir | Palisade Wall |
| 14:35 | Construir | Palisade Wall |
| 14:48 | Crear | Villager (Male) |
| 14:50 | Crear | Archer |
| 14:51 | Construir | Farm |
| 14:52 | Construir | Farm |
| 15:16 | Crear | Villager (Male) |
| 15:31 | Crear | Villager (Male) |
| 15:56 | Crear | Villager (Male) |
| 15:58 | Construir | Market |
| 16:02 | Construir | Palisade Wall |
| 16:05 | Construir | House |
| 16:05 | Construir | House |
| 16:06 | Construir | House |
| 16:09 | Crear | Villager (Male) |
| 16:09 | Crear | Archer |
| 16:11 | Construir | House |
| 16:13 | Construir | House |
| 16:14 | Construir | House |
| 16:16 | Construir | House |
| 16:51 | Construir | Farm |
| 16:56 | Crear | Villager (Male) |
| 17:02 | Construir | Palisade Wall |
| 17:08 | Construir | House |
| 17:24 | Construir | Palisade Wall |
| 17:29 | Crear | Villager (Male) |
| 17:39 | Construir | Palisade Wall |
| 17:42 | Construir | Palisade Wall |
| 18:07 | Investigar | Castle Age |
| 18:07 | Investigar | Castle Age |
| 18:32 | Construir | House |
| 18:41 | Construir | House |
| 18:45 | Construir | Stone Wall |
| 18:46 | Construir | Stone Wall |
| 18:46 | Construir | Stone Wall |
| 18:47 | Construir | Stone Wall |
| 18:51 | Crear | Archer |
| 19:04 | Construir | Stone Wall |
| 19:07 | Construir | Stone Wall |
| 19:14 | Construir | Lumber Camp |
| 19:19 | Construir | Palisade Wall |
| 19:31 | Crear | Archer |
| 19:34 | Investigar | Horse Collar |
| 19:34 | Investigar | Horse Collar |
| 19:49 | Construir | Stone Wall |
| 19:51 | Construir | Stone Wall |
| 19:56 | Construir | Stone Wall |
| 20:06 | Crear | Villager (Male) |
| 20:14 | Construir | Stable |
| 20:27 | Construir | Stone Wall |
| 20:35 | Construir | Blacksmith |
| 20:41 | Construir | Stone Wall |
| 20:47 | Edad | Edad de los Castillos |
| 20:59 | Crear | Knight |
| 21:06 | Crear | Villager (Male) |
| 21:08 | Construir | Monastery |
| 21:31 | Crear | Knight |
| 21:34 | Crear | Monk |
| 21:34 | Crear | Monk |
| 21:37 | Crear | Villager (Male) |
| 21:43 | Construir | Stone Wall |
| 21:45 | Construir | Stone Wall |
| 21:50 | Construir | Stone Wall |
| 21:52 | Construir | Stone Wall |
| 21:55 | Construir | Stone Wall |
Build order — JB11FRANK
Primeras 150 de 187 acciones detectadas
| 0:01 | Crear | Villager (Male) ×4 |
| 0:02 | Construir | House |
| 0:03 | Construir | House |
| 1:32 | Crear | Villager (Male) |
| 1:32 | Crear | Villager (Male) |
| 2:02 | Crear | Villager (Male) |
| 2:02 | Crear | Villager (Male) |
| 2:35 | Investigar | Loom |
| 2:38 | Crear | Villager (Male) |
| 2:38 | Crear | Villager (Male) |
| 2:54 | Construir | Mill |
| 3:01 | Construir | Mill |
| 3:05 | Crear | Villager (Male) |
| 3:06 | Crear | Villager (Male) |
| 3:10 | Crear | Villager (Male) |
| 3:11 | Crear | Villager (Male) |
| 3:17 | Construir | House |
| 3:32 | Crear | Villager (Male) |
| 3:32 | Crear | Villager (Male) |
| 3:58 | Construir | House |
| 4:04 | Crear | Villager (Male) |
| 4:29 | Crear | Villager (Male) |
| 4:29 | Crear | Villager (Male) |
| 4:59 | Crear | Villager (Male) |
| 5:11 | Crear | Villager (Male) |
| 5:46 | Crear | Villager (Male) |
| 5:54 | Crear | Villager (Male) |
| 6:15 | Crear | Villager (Male) |
| 6:53 | Crear | Villager (Male) |
| 7:00 | Crear | Villager (Male) |
| 7:00 | Crear | Villager (Male) |
| 7:10 | Investigar | Loom |
| 8:09 | Investigar | Feudal Age |
| 8:15 | Crear | Villager (Male) |
| 8:15 | Investigar | Loom |
| 8:54 | Investigar | Feudal Age |
| 11:30 | Edad | Edad Feudal |
| 11:32 | Investigar | Castle Age |
| 12:16 | Construir | Watch Tower |
| 12:57 | Construir | Lumber Camp |
| 13:09 | Construir | Mining Camp |
| 14:05 | Construir | Stable |
| 14:12 | Edad | Edad de los Castillos |
| 14:15 | Crear | Villager (Male) |
| 14:20 | Construir | House |
| 14:27 | Crear | Battle Elephant |
| 14:34 | Construir | House |
| 14:42 | Construir | Farm |
| 14:48 | Crear | Battle Elephant |
| 14:49 | Crear | Villager (Male) |
| 14:54 | Construir | Farm |
| 14:59 | Construir | Farm |
| 15:51 | Construir | Farm |
| 15:57 | Construir | Farm |
| 16:27 | Crear | Villager (Male) |
| 16:53 | Crear | Battle Elephant |
| 16:59 | Construir | Farm |
| 17:02 | Construir | House |
| 17:07 | Construir | Farm |
| 17:09 | Crear | Villager (Male) |
| 17:37 | Crear | Villager (Male) |
| 17:56 | Construir | Siege Workshop |
| 18:04 | Crear | Villager (Male) |
| 18:17 | Crear | Villager (Male) |
| 18:42 | Crear | Battering Ram |
| 18:46 | Construir | House |
| 18:54 | Crear | Scorpion |
| 18:56 | Crear | Battering Ram |
| 19:02 | Crear | Villager (Male) |
| 19:07 | Construir | House |
| 19:17 | Crear | Villager (Male) |
| 19:36 | Crear | Battle Elephant |
| 19:48 | Construir | Market |
| 19:55 | Construir | Farm |
| 20:01 | Construir | House |
| 20:04 | Crear | Villager (Male) |
| 20:19 | Crear | Scorpion |
| 20:21 | Crear | Villager (Male) |
| 20:39 | Crear | Battle Elephant |
| 20:59 | Construir | Stable |
| 21:04 | Crear | Villager (Male) |
| 21:07 | Crear | Battle Elephant |
| 21:39 | Construir | Blacksmith |
| 21:46 | Crear | Battle Elephant |
| 22:06 | Crear | Villager (Male) |
| 22:25 | Crear | Mangonel |
| 23:27 | Investigar | Scale Barding Armor |
| 23:55 | Crear | Scout Cavalry |
| 24:03 | Crear | Villager (Male) |
| 24:10 | Construir | Monastery |
| 24:23 | Investigar | Light Cavalry (upgrade) |
| 24:45 | Crear | Villager (Male) |
| 24:50 | Crear | Monk |
| 25:25 | Crear | Scorpion |
| 26:09 | Crear | Scout Cavalry |
| 26:12 | Crear | Villager (Male) |
| 27:11 | Crear | Villager (Male) |
| 27:12 | Crear | Monk |
| 27:28 | Crear | Battering Ram |
| 27:29 | Crear | Villager (Male) |
| 27:36 | Crear | Villager (Male) |
| 27:38 | Crear | Villager (Male) |
| 28:10 | Construir | House |
| 28:34 | Crear | Battering Ram |
| 28:50 | Crear | Monk |
| 28:50 | Crear | Monk |
| 28:52 | Crear | Villager (Male) |
| 28:54 | Crear | Villager (Male) |
| 29:49 | Crear | Scout Cavalry |
| 29:50 | Crear | Scout Cavalry |
| 30:39 | Crear | Villager (Male) |
| 30:52 | Crear | Villager (Male) |
| 30:55 | Crear | Battle Elephant |
| 31:15 | Construir | Town Center |
| 31:36 | Crear | Villager (Male) |
| 31:40 | Investigar | Double-Bit Axe |
| 31:54 | Investigar | Horse Collar |
| 31:55 | Investigar | Horse Collar |
| 31:55 | Crear | Villager (Male) |
| 32:32 | Crear | Villager (Male) |
| 32:36 | Construir | Farm |
| 32:37 | Construir | Farm |
| 32:38 | Construir | Farm |
| 32:39 | Construir | Farm |
| 32:39 | Construir | Farm |
| 32:46 | Crear | Villager (Male) |
| 32:47 | Crear | Villager (Male) |
| 33:03 | Crear | Scout Cavalry |
| 33:16 | Crear | Villager (Male) |
| 33:18 | Crear | Villager (Male) |
| 33:40 | Crear | Villager (Male) |
| 33:53 | Crear | Monk |
| 33:53 | Crear | Monk |
| 34:08 | Crear | Villager (Male) |
| 34:10 | Crear | Villager (Male) |
| 34:28 | Crear | Villager (Male) |
| 34:49 | Crear | Battle Elephant |
| 34:50 | Crear | Villager (Male) |
| 34:53 | Construir | Farm |
| 35:12 | Crear | Villager (Male) |
| 35:28 | Construir | Town Center |
| 36:03 | Crear | Villager (Male) |
| 36:24 | Crear | Villager (Male) |
| 36:31 | Crear | Villager (Male) |
| 36:39 | Crear | Villager (Male) |
| 36:44 | Construir | Farm |
| 36:45 | Construir | Farm |
| 36:47 | Construir | Farm |
| 36:49 | Crear | Villager (Male) |
| 36:50 | Investigar | Wheelbarrow |
Cronología de la partida
| 3:42 | FMG | GreatMaty · wall_segment Palisade Wall x1 |
| 7:44 | FMG | GreatMaty · first_building Barracks |
| 8:10 | FMG | GreatMaty · wall_segment Palisade Wall x4 |
| 9:03 | FMG | GreatMaty · age_up feudal |
| 9:07 | FMG | GreatMaty · first_building Archery Range |
| 11:30 | JB11FRANK · age_up feudal |
| 13:32 | FMG | GreatMaty · wall_segment Palisade Wall x10 |
| 13:35 | FMG | GreatMaty · wall_segment Palisade Wall x10 |
| 14:05 | JB11FRANK · first_building Stable |
| 14:05 | FMG | GreatMaty · wall_segment Palisade Wall x1 |
| 14:12 | JB11FRANK · age_up castle |
| 14:26 | FMG | GreatMaty · wall_segment Palisade Wall x1 |
| 14:33 | FMG | GreatMaty · wall_segment Palisade Wall x2 |
| 14:34 | FMG | GreatMaty · wall_segment Palisade Wall x3 |
| 14:35 | FMG | GreatMaty · wall_segment Palisade Wall x2 |
| 14:35 | FMG | GreatMaty · wall_segment Palisade Wall x3 |
| 16:02 | FMG | GreatMaty · wall_segment Palisade Wall x1 |
| 16:54 | FMG | GreatMaty · first_market_buy 100 food |
| 17:02 | FMG | GreatMaty · wall_segment Palisade Wall x1 |
| 17:24 | FMG | GreatMaty · wall_segment Palisade Wall x1 |
| 17:39 | FMG | GreatMaty · wall_segment Palisade Wall x1 |
| 17:42 | FMG | GreatMaty · wall_segment Palisade Wall x1 |
| 17:52 | FMG | GreatMaty · first_market_sell 500 wood |
| 17:56 | JB11FRANK · first_building Siege Workshop |
| 18:45 | FMG | GreatMaty · wall_segment Stone Wall x1 |
| 18:46 | FMG | GreatMaty · wall_segment Stone Wall x1 |
| 18:46 | FMG | GreatMaty · wall_segment Stone Wall x1 |
| 18:47 | FMG | GreatMaty · wall_segment Stone Wall x1 |
| 19:04 | FMG | GreatMaty · wall_segment Stone Wall x1 |
| 19:07 | FMG | GreatMaty · wall_segment Stone Wall x6 |
| 19:19 | FMG | GreatMaty · wall_segment Palisade Wall x1 |
| 19:49 | FMG | GreatMaty · wall_segment Stone Wall x3 |
| 19:51 | FMG | GreatMaty · wall_segment Stone Wall x10 |
| 19:56 | FMG | GreatMaty · wall_segment Stone Wall x5 |
| 20:14 | FMG | GreatMaty · first_building Stable |
| 20:27 | FMG | GreatMaty · wall_segment Stone Wall x1 |
| 20:32 | JB11FRANK · first_market_buy 100 food |
| 20:41 | FMG | GreatMaty · wall_segment Stone Wall x6 |
| 20:47 | FMG | GreatMaty · age_up castle |
| 21:08 | FMG | GreatMaty · first_building Monastery |
| 21:43 | FMG | GreatMaty · wall_segment Stone Wall x3 |
| 21:45 | FMG | GreatMaty · wall_segment Stone Wall x4 |
| 21:50 | FMG | GreatMaty · wall_segment Stone Wall x1 |
| 21:52 | FMG | GreatMaty · wall_segment Stone Wall x1 |
| 21:55 | FMG | GreatMaty · wall_segment Stone Wall x1 |
| 22:00 | FMG | GreatMaty · wall_segment Stone Wall x1 |
| 22:43 | FMG | GreatMaty · wall_segment Stone Wall x1 |
| 24:10 | JB11FRANK · first_building Monastery |
| 34:35 | FMG | GreatMaty · first_building Castle |
| 40:10 | FMG | GreatMaty · age_up imperial |
| 40:20 | JB11FRANK · resign |
[ ANÁLISIS IA · 1 CRÉDITO ]
¿Qué pasó realmente en esta partida?
Wolo.gg analiza cada decisión: build order, eco, micro, errores típicos por bracket. Análisis personalizado por WhatsApp o Discord en 30 segundos.
Guía civ
Vietnamitas
Perfil
Jugador #9082593